Map: Kairos Junction LE

Players

Jason - Winner!

  • Race: Terran Terran
  • League: Grandmaster
  • Spawn Location: 11:00

Flood

  • Race: Zerg Zerg
  • League: Master
  • Spawn Location: 5:00

VOD

Have the link to the VOD?

Description

Time

  • Played on: June 3, 2019, 6:34 p.m.
  • Length: 5:48
Show
View Real Time Build Order
Export as new Build Order

Jason Terran - Winner!

Build Orders: Gas First Reaper Expand, Hellion Opening 

Get SALT Encoding   

  12  0:00  SCV  
  13  0:12  SCV  
  14  0:17  Supply Depot  
  14  0:25  SCV  
  15  0:28  Refinery  
  15  0:39  SCV  
  16  0:45  Barracks  
  16  0:51  SCV  
  17  1:03  SCV  
  18  1:16  SCV  
  19  1:31  Orbital Command  
  19  1:32  Reaper  
  20  1:47  Command Center  
  20  1:58  Factory  
  20  2:01  SCV  
  21  2:06  Barracks Reactor  
  21  2:11  Supply Depot  
  21  2:16  SCV  
  21  2:20  Refinery  
  22  2:28  SCV  
  23  2:40  SCV  
  24  2:49  Starport  
  24  2:50  Hellion  
  26  2:51  Hellion  
  26  2:52  SCV  
  26  2:53  Barracks Tech Lab  
  29  3:02  Orbital Command  
  29  3:04  SCV  
  30  3:16  Marauder  
  30  3:19  Hellion x2  
  36  3:26  Viking  
  38  3:30  Supply Depot  
  40  3:45  Hellion x2  
  44  3:56  Supply Depot, Medivac  
  44  4:00  Marauder  
  46  4:06  Hellion x2  
  50  4:10  Concussive Shells  
  50  4:13  Armory  
  50  4:20  Liberator  
  52  4:24  Marauder  
  52  4:28  Hellion x2  
  59  4:38  SCV  
  59  4:40  Supply Depot  
  60  4:51  Marauder  
  62  4:59  Hellion  
  62  5:02  Hellion  
  64  5:11  SCV x2  
  66  5:20  Hellion  
  68  5:23  Hellion  
  68  5:31  Supply Depot  
Show
View Real Time Build Order
Export as new Build Order

Flood Zerg 

Build Orders: Hatch First 

Get SALT Encoding   

  12  0:01  Drone  
  13  0:12  Overlord  
  13  0:16  Drone  
  14  0:31  Drone x2  
  16  0:47  Hatchery  
  15  0:50  Drone  
  15  0:54  Drone  
  17  0:57  Drone  
  18  1:08  Extractor  
  17  1:12  Spawning Pool  
  17  1:15  Drone  
  17  1:19  Drone  
  18  1:28  Drone  
  19  1:38  Drone  
  20  1:49  Drone  
  21  1:59  Queen x2  
  21  2:00  Zergling x4  
  27  2:10  Drone, Overlord  
  28  2:21  Hatchery  
  27  2:27  Drone  
  28  2:32  Metabolic Boost  
  28  2:34  Drone x2  
  30  2:44  Queen  
  30  2:50  Drone x2  
  34  2:52  Overlord  
  34  2:57  Drone x2  
  36  3:10  Queen  
  36  3:11  Drone x2  
  41  3:12  Drone  
  41  3:15  Overlord  
  41  3:18  Drone x2  
  43  3:25  Drone  
  44  3:32  Queen  
  46  3:35  Drone x3  
  49  3:42  Overlord  
  49  3:43  Overlord  
  49  3:48  Drone x4  
  53  3:53  Queen  
  55  4:00  Zergling x12  
  61  4:04  Overlord  
  61  4:09  Evolution Chamber x2  
  60  4:10  Drone  
  60  4:11  Drone  
  61  4:21  Drone  
  61  4:22  Drone x4  
  66  4:27  Drone x2  
  68  4:32  Overlord  
  68  4:33  Overlord  
  68  4:42  Extractor  
  68  4:44  Drone  
  68  4:47  Overlord  
  68  4:49  Zergling x2  
  68  4:50  Zergling x2  
  68  4:52  Queen x2  
  74  4:56  Spine Crawler  
  74  4:59  Baneling Nest  
  71  5:04  Zergling x2  
  71  5:05  Zergling x12  
  67  5:16  Zergling x4  
  67  5:17  Zergling x8  
  67  5:20  Zergling x4  
  68  5:24  Zergling x6  
Tags
 
Add a new tag
Caveats
  • Supply blocks, unpowered buildings, or Contaminate may cause inaccurate times.
  • Supply counts are checked every 10 seconds.